 Dungeon Crawl Stone Soup version 0.30-a0-924-g0ad0bf95bc (webtiles) character file.

Game seed: 7089650546641514769

1136 cforsyth the Basher (level 8, 0/50 (60) HPs)
             Began as a Human Fighter on Mar 22, 2023.
             Was a Follower of Okawaru.
             Slain by a wight
             ... wielding a +0 scimitar
              (2 damage)
             ... on level 6 of the Dungeon.
             The game lasted 00:06:36 (6823 turns).

cforsyth the Basher (Human Fighter)                 Turns: 6823, Time: 00:06:37

HP:   0/50 (60)     AC: 12    Str: 19    XL:     8   Next: 63%
MP:   8/8           EV:  5    Int:  9    God:    Okawaru [*.....]
Gold: 425           SH:  4    Dex: 12    Spells: 7/7 levels left

rFire   . . .      SeeInvis .    a - +1 flail
rCold   . . .      Faith    .    c - +0 buckler
rNeg    . . .      Spirit   .    m - +0 plate armour
rPois   .          Reflect  .    (no helmet)
rElec   .          Rampage  .    (no cloak)
rCorr   .                        z - +0 pair of gloves
Will    .....                    (no boots) Stlth
                                 (no amulet)
HPRegen 0.28/turn                (no ring)
MPRegen 0.11/turn                (no ring)

@: heavily drained
A: no striking features
a: Renounce Religion, Heroism


You were on level 6 of the Dungeon.
You worshipped Okawaru.
Okawaru was aware of your devotion.
You visited 2 branches of the dungeon, and saw 8 of its levels.

You collected 425 gold pieces.

Inventory:

Hand Weapons
 a - a +1 flail (weapon)
Armour
 b - a +0 scale mail
 c - a +0 buckler (worn)
 m - a +0 plate armour (worn)
 z - a +0 pair of gloves (worn)
Wands
 q - a wand of quicksilver (8)
Scrolls
 g - 3 scrolls of immolation
 h - a scroll of enchant weapon
 k - a scroll of noise {unknown}
 l - a scroll of amnesia {unknown}
 o - a scroll of blinking
 s - a scroll of enchant armour {unknown}
 t - a scroll of teleportation
 w - a scroll of silence {unknown}
 x - a scroll of fear {unknown}
 y - a scroll of poison {unknown}
 A - a scroll of vulnerability {unknown}
 B - a scroll of identify
Potions
 d - a potion of might
 e - 3 potions of flight
 f - 5 potions of haste
 i - 5 potions of curing
 j - 3 potions of berserk rage {unknown}
 n - 5 potions of heal wounds
 p - 2 potions of brilliance {unknown}
 r - 2 potions of resistance {unknown}
 u - a potion of ambrosia {unknown}
 v - a potion of mutation {unknown}


   Skills:
 - Level 3.7 Fighting
 + Level 9.1 Maces & Flails
 - Level 3.6 Armour
 - Level 3.6 Shields


You had 7 spell levels left.
You didn't know any spells.
Your spell library contained the following spells:

 Spells                   Type           Power      Damage    Failure   Level
 Beastly Appendage        Tmut           0%         N/A       100%        1
 Sandblast                Erth           0%         2d4       100%        1
 Slow                     Hex            0%         N/A       100%        1
 Passwall                 Tmut/Erth      0%         N/A       100%        2
 Wereblood                Tmut           0%         N/A       100%        2
 Confusing Touch          Hex            0%         N/A       100%        3
 Spider Form              Tmut/Pois      0%         N/A       100%        3
 Stone Arrow              Conj/Erth      0%         3d7       100%        3
 Vampiric Draining        Necr           0%         2d6       100%        3


Dungeon Overview and Level Annotations

Branches:
Dungeon (7/15)             Temple (1/1) D:4

Altars:
Ashenzari
Cheibriados
Dithmenos
Elyvilon
Fedhas
Gozag
Hepliaklqana
Kikubaaqudgha
Makhleb
Nemelex Xobeh
Okawaru
Qazlal
Ru
Sif Muna
Trog
Uskayaw
Vehumet
Wu Jian
Xom
Zin
The Shining One


Message History

A wight is nearby!
A wight is nearby!
Found a quarterstaff. 2 wights come into view.
A wight is wielding a +3 mace of freezing.
Found a scroll of enchant weapon.
The wight attacks as you move away! The wight hits you but does no damage.
The wight attacks as you move away! The wight hits you with a +0 scimitar!
You feel drained. The wight attacks as you move away!
The wight hits you with a +0 scimitar!
You feel drained. The wight attacks as you move away!
The wight hits you but does no damage. The wight attacks as you move away!
You block the wight's attack. The wight attacks as you move away!
The wight hits you with a +0 scimitar! The wight attacks as you move away!
The wight hits you with a +0 scimitar.
You feel drained.
There is a stone staircase leading up here.
The wight hits you but does no damage.
You climb upwards.
There is a stone staircase leading down here.
Unknown command.
You hit the wight but do no damage. You barely miss the wight.
You block the wight's attack.
You hit the wight.
The wight is moderately damaged.
The wight hits you but does no damage.
You hit the wight.
The wight is moderately damaged.
The wight hits you with a +0 scimitar!
You feel drained.
* * * LOW HITPOINT WARNING * * *
You hit the wight.
The wight is severely damaged.
The wight hits you with a +0 scimitar.
* * * LOW HITPOINT WARNING * * *
You closely miss the wight.
The wight is severely damaged.
The wight hits you with a +0 scimitar!
* * * LOW HITPOINT WARNING * * *
You feel drained.
You die...

................#.....##...##.###
#####..........##.<...##....#....
...##..........##.....##....#....
............................#....
...##....##....##...........#....
...##....########...........#....
...............#............#....
'####..........#......<.....#....
....#..........+@.....##...##.##.
....#######....#z.....##########.
..........#.)..##.....##.......#.
..........#....##.....##.......#.
..........#............#.......#.
####.....|#....##......#.......#.
...#......##'####......#.......#.
...#......'............#.......#.
...#......#............#.......'.


You could see a wight.

Vanquished Creatures
  An ice beast (D:6)
  3 black bears (D:5)
  3 scorpions
  A howler monkey (D:5)
  A jelly (D:5)
  3 orc priests
  2 hounds
  3 iguanas
  Ijyb (D:4)
  Terence (D:2)
  13 adders
  3 white imps
  An ufetubus (D:5)
  A worm (D:3)
  4 dart slugs
  17 orcs
  6 endoplasms
  5 goblins
  8 hobgoblins
  6 jackals
  2 quokkas
  4 ball pythons
  6 bats
  3 frilled lizards
  6 kobolds
  6 rats
110 creatures vanquished.

Notes
Turn   | Place    | Note
-------+----------+-------------------------------------------
     0 | D:1      | cforsyth the Human Fighter began the quest for the Orb.
     0 | D:1      | Reached XP level 1. HP: 18/18 MP: 1/1
   111 | D:1      | Reached XP level 2. HP: 21/24 MP: 2/2
   246 | D:1      | Found a faded altar of an unknown god.
   529 | D:2      | Found a blossoming altar of Fedhas.
   542 | D:2      | Reached XP level 3. HP: 29/29 MP: 3/3
   751 | D:2      | Noticed Terence
   913 | D:2      | Reached XP level 4. HP: 34/35 MP: 4/4
  1561 | D:3      | Reached XP level 5. HP: 36/42 MP: 5/5
  1652 | D:3      | Reached skill level 3 in Maces & Flails
  2186 | D:3      | Reached skill level 4 in Maces & Flails
  2420 | D:4      | Reached XP level 6. HP: 40/48 MP: 6/6
  2524 | D:4      | Noticed Ijyb
  2529 | D:4      | Killed Ijyb
  2559 | D:4      | Reached skill level 5 in Maces & Flails
  3425 | D:4      | Found a staircase to the Ecumenical Temple.
  3454 | Temple   | Entered the Ecumenical Temple
  3887 | Temple   | Became a worshipper of Warmaster Okawaru
  4267 | D:2      | Found a blossoming altar of Fedhas.
  4288 | D:2      | Killed Terence
  4675 | D:5      | Entered Level 5 of the Dungeon
  4744 | D:5      | Reached XP level 7. HP: 53/53 MP: 7/7
  4826 | D:5      | Reached skill level 6 in Maces & Flails
  4988 | D:5      | Reached * piety under Okawaru
  4989 | D:5      | Reached skill level 7 in Maces & Flails
  5048 | D:5      | Reached XP level 8. HP: 43/60 MP: 8/8
  5303 | D:5      | Found a hide-covered altar of Uskayaw.
  5707 | D:6      | Reached skill level 8 in Maces & Flails
  6633 | D:6      | Reached skill level 9 in Maces & Flails
  6823 | D:6      | HP: 2/52 [wight/+0 scimitar (7)]
  6823 | D:6      | Slain by a wight

Illustrated notes

Levels and vault maps discovered:
D:1:      minmay_arrival_four_houses, layout_rooms,
          shapermc_ecumenical_altar_venn, grunt_decor_cap
D:2:      layout_loops_ring, basic_altar, uniq_terence
D:3:      layout_basic, serial_rivers, chequers_serial_rivers_room_a,
          chequers_serial_rivers_micro_e, chequers_serial_rivers_small_a,
          chequers_serial_rivers_large_b, nicolae_half_adder
D:4:      layout_loops_corners, minmay_temple_entry_enclosed_plants,
          grunt_ministairs_5, uniq_ijyb
D:5:      layout_loops_ring, amcnicky_altar_gilded
D:6:      layout_gridville
D:7:      lemuel_ice_spiral_2, layout_basic, minmay_unpleasant_kobolds
Temple:   mainiacjoe_temple_big_plus

Skill      XL: |  1  2  3  4  5  6  7  8 |
---------------+-------------------------+-----
Maces & Flails | 4 5 7 9 |  9.1
Fighting       | |  3.7
Armour         | |  3.6
Shields        | |  3.6

Action                     |  1- 3 |  4- 6 |  7- 9 || total
---------------------------+-------+-------+-------++-------
  Melee: Flail             |    81 |   229 |   111 ||   421
    Use: Scroll            |       |     3 |     5 ||     8
 Armour: Scale mail        |    41 |    40 |       ||    81
         Plate armour      |       |   128 |    77 ||   205
  Dodge: Dodged            |    40 |    99 |    29 ||   168
  Block: Buckler           |    23 |    53 |    21 ||    97

Table legend: (Time is in decaauts)
 A = Elapsed time spent in this place.
 B = Non-inter-level travel time spent in this place.
 C = Inter-level travel time spent in this place.
 D = Time resting spent in this place.
 E = Time spent auto-exploring this place.
 F = Levels seen in this place.
 G = Mean time per level.
                   A        B        C        D        E       F      G
               +--------+--------+--------+--------+--------+-----+--------+
         Total |   6942 |   6584 |    358 |    296 |   5185 |   8 |  867.8 |
       Dungeon |   6486 |   6202 |    284 |    296 |   4815 |   7 |  926.6 |
        Temple |    455 |    382 |     73 |      0 |    370 |   1 |  455.0 |
               +--------+--------+--------+--------+--------+-----+--------+

Top non-repeatable levels by time:
     D:3: 1450 daAuts
     D:2: 1249 daAuts
     D:5: 1128 daAuts
     D:4: 1058 daAuts
     D:6: 980 daAuts
     D:1: 570 daAuts
  Temple: 455 daAuts
     D:7: 49 daAuts
